 Dungeon Crawl Stone Soup version 0.30-a0-778-g2ef04afb54 (webtiles) character file.

Game seed: 293738416837501623

28 AzureAlchemist the Magician (level 2, 0/15 HPs)
             Began as a Deep Elf Fire Elementalist on Feb 16, 2023.
             Succumbed to an adder's poison
             ... on level 2 of the Dungeon.
             The game lasted 00:02:36 (1041 turns).

AzureAlchemist the Magician (DEFE)                  Turns: 1041, Time: 00:02:37

Health: 0/15       AC:  2    Str:  5    XL:     2   Next: 96%
Magic:  6/9        EV: 12    Int: 19    God:
Gold:   44         SH:  0    Dex: 15    Spells: 7/10 levels left

rFire   . . .      SeeInvis .    f - +0 quarterstaff
rCold   . . .      Faith    .    (shield currently unavailable)
rNeg    . . .      Spirit   .    a - +0 robe
rPois   .          Reflect  .    (no helmet)
rElec   .          Harm     .    (no cloak)
rCorr   .          Rampage  .    (no gloves)
Will    .....                    (no boots)
Stlth   ++                       (no amulet)
HPRegen 0.22/turn                (no ring)
MPRegen 0.11/turn                (no ring)

@: lethally poisoned (0 -> -3), flying, very slightly contaminated
A: no striking features
a: no special abilities


You were on level 2 of the Dungeon.
You visited 1 branch of the dungeon, and saw 2 of its levels.

You collected 44 gold pieces.

Inventory:

Hand Weapons
 f - a +0 quarterstaff (weapon)
Armour
 a - a +0 robe (worn)
Scrolls
 c - 5 scrolls of identify {unknown}
 d - 2 scrolls of enchant weapon {unknown}
Potions
 b - a potion of magic


   Skills:
 - Level 2.4 Dodging
 - Level 2.4 Stealth
 + Level 4.9 Spellcasting
 - Level 1.1 Conjurations
 - Level 3.2 Fire Magic


You had 7 spell levels left.
You knew the following spells:

 Your Spells              Type           Power      Damage    Failure   Level
a - Foxfire               Conj/Fire      48%        2x1d6     4%          1
b - Scorch                Fire           34%        2d7       4%          2

Your spell library contained the following spells:

 Spells                   Type           Power      Damage    Failure   Level
 Inner Flame              Hex/Fire       10%        N/A       19%         3
 Kindle Blastsparks       Fire/Tloc/Air  16%        2d11      24%         3
 Flame Wave               Conj/Fire      12%        2d6       45%         4


Dungeon Overview and Level Annotations

Branches:
Dungeon (2/15)

Altars:

Shops:
D:2 (


Message History

Casting: Foxfire (safe; 5% risk of failure)
Confirm with . or Enter, or press ? or * to list all spells.
You miscast Foxfire.
You are very lightly contaminated with residual magic.
Nothing appears to happen.
The adder barely misses you. The adder bites you.
You are poisoned.
The adder poisons you!
Casting: Foxfire (safe; 5% risk of failure)
Confirm with . or Enter, or press ? or * to list all spells.
You conjure some foxfire!
You feel sick. The adder misses you.
You hit the adder.
The adder is heavily wounded.
You feel sick.
The foxfire hits the hobgoblin.
The hobgoblin is moderately wounded.
The foxfire hits the hobgoblin.
The hobgoblin is severely wounded.
The hobgoblin hits you. The adder bites you.
You are lethally poisoned!
The adder poisons you!
The hobgoblin hits you but does no damage.
The adder misses you.
Casting: Foxfire (safe; 5% risk of failure)
Confirm with . or Enter, or press ? or * to list all spells.
You conjure some foxfire!
* * * LOW HITPOINT WARNING * * *
You feel sick. The adder barely misses you. The hobgoblin hits you.
* * * LOW HITPOINT WARNING * * *
You hit the adder.
The adder is heavily wounded.
* * * LOW HITPOINT WARNING * * *
You feel sick.
The foxfire hits the hobgoblin but does no damage.
The hobgoblin is severely wounded.
The foxfire hits the hobgoblin.
You kill the hobgoblin!
The adder closely misses you. The adder bites you but does no damage.
It was a potion of flight.
You feel very buoyant.
You fly up into the air.
You die...

###################
..................#######
............∩.[..(......+
###.....#########.#######
#####.# #.#######.
########†#########.........
#............†§.†.#########
+.............§@S........
#.......#########..######
#)......# ##...# ##.......#
##..(# #........# ....
#........# ... #..#######
... #..# #..#


You could see an adder.

Vanquished Creatures
  2 dart slugs (D:1)
  4 bats
  2 endoplasms (D:1)
  A giant cockroach (D:1)
  4 hobgoblins
  2 ball pythons
  2 kobolds
  6 rats
23 creatures vanquished.

Vanquished Creatures (others)
  87 foxfires
87 creatures vanquished.

Grand Total: 110 creatures vanquished

Notes
Turn   | Place    | Note
-------+----------+-------------------------------------------
     0 | D:1      | AzureAlchemist the Deep Elf Fire Elementalist began the
                  | quest for the Orb.
     0 | D:1      | Reached XP level 1. HP: 10/10 MP: 6/6
   292 | D:1      | Reached skill level 4 in Spellcasting
   292 | D:1      | Reached XP level 2. HP: 9/15 MP: 6/9
   463 | D:1      | Found a faded altar of an unknown god.
   667 | D:1      | Learned a level 2 spell: Scorch
   987 | D:2      | Found Nasivane's Weapon Boutique.
  1041 | D:2      | Succumbed to an adder's poison

Illustrated notes

Levels and vault maps discovered:
D:1:      dpeg_arrival_radiant, layout_basic,
          hellmonk_ecumenical_altar_pennies_from_heaven
D:2:      layout_basic, serial_shops, shop

Skill      XL: |  1 |
---------------+----+-----
Spellcasting   | 4 |  4.9
Dodging        | |  2.4
Stealth        | |  2.4
Conjurations   | |  1.1
Fire Magic     | |  3.2

Action                     || total
---------------------------++-------
  Melee: Unarmed           ||     3
         Quarterstaff      ||     5
   Cast: Foxfire           ||    51
    Use: Potion            ||     1
 Armour: Robe              ||     5
  Dodge: Dodged            ||    18

Table legend: (Time is in decaauts)
 A = Elapsed time spent in this place.
 B = Non-inter-level travel time spent in this place.
 C = Inter-level travel time spent in this place.
 D = Time resting spent in this place.
 E = Time spent auto-exploring this place.
 F = Levels seen in this place.
 G = Mean time per level.
                   A        B        C        D        E       F      G
               +--------+--------+--------+--------+--------+-----+--------+
         Total |   1043 |   1024 |     19 |      0 |    866 |   2 |  521.5 |
       Dungeon |   1043 |   1024 |     19 |      0 |    866 |   2 |  521.5 |
               +--------+--------+--------+--------+--------+-----+--------+

Top non-repeatable levels by time:
     D:1: 898 daAuts
     D:2: 144 daAuts
